[Event "42nd Olympiad Baku 2016 Open"]
[Site "Baku"]
[Date "2016.09.04"]
[Round "3.31"]
[White "Sie Thu"]
[Black "Kobese, Watu"]
[Result "0-1"]
[ECO "C55"]
[WhiteElo "2148"]
[BlackElo "2350"]
[Annotator ""]
[PlyCount "54"]
[EventDate "2016.??.??"]
[EventCountry "AZE"]
[SourceTitle "playchess.com"]
[Source "ChessBase"]
[WhiteTeam "Myanmar"]
[BlackTeam "South Africa"]
[WhiteTeamCountry "MYA"]
[BlackTeamCountry "RSA"]
[TimeControl "40/5400+30:1800+30"]

1. e4 {(00:00)} e5 {(00:52)} 2. Nf3 {(00:00)} Nc6 {
(00:09)} 3. d4 {(00:01)} exd4 {(00:09)} 4. Bc4 {(
00:26)} Nf6 {(00:32)} 5. e5 {(00:13)} d5 {(00:32)} 6. Bb5
{(00:14)} Ne4 {(00:20)} 7. Nxd4 {(00:25)} Bd7 {(00:
23)} 8. Bxc6 {(00:13)} bxc6 {(00:03)} 9. O-O {(00:14)} Bc5
{(06:33)} 10. f3 {(03:40)} Ng5 {(02:28)} 11. f4 {(
00:50)} Ne4 {(02:28)} 12. Nc3 {(04:45)} Nxc3 {(08:02)} 13.
bxc3 {(00:12)} O-O {(00:41)} 14. f5 {(02:00)} Qe7 {
(03:44)} 15. f6 {(04:14)} Qxe5 {(00:35)} 16. fxg7 {
(00:17)} Qxg7 {(03:14)} 17. Kh1 {(03:00)} Rfe8 {(
06:41)} 18. Bf4 {(08:42)} Re4 {(05:10)} 19. Bxc7 {(05:26)}
Bxd4 {(02:26)} 20. cxd4 {(00:12)} Rxd4 {(00:16)} 21. Qf3 {
(07:49)} Re8 {(04:24)} 22. Rab1 {(06:00)} Rd2 {(08:
47)} 23. Rb7 {(14:11)} Bf5 {(06:26)} 24. Rg1 {(32:23)} Be4
{(13:11)} 25. Qg3 {(00:49)} Rxc2 {(00:54)} 26. Rxa7 {
(00:36)} Qxg3 {(00:44)} 27. hxg3 {(00:35)} d4 {(04:
28)} 0-1

[Event "42nd Olympiad Baku 2016 Open"]
[Site "Baku"]
[Date "2016.09.04"]
[Round "3.27"]
[White "Sikivou, Taione"]
[Black "Greenidge, Ronuel"]
[Result "1-0"]
[ECO "B17"]
[WhiteElo "1812"]
[BlackElo "1723"]
[Annotator ""]
[PlyCount "59"]
[EventDate "2016.??.??"]
[EventCountry "AZE"]
[SourceTitle "playchess.com"]
[Source "ChessBase"]
[WhiteTeam "Fiji"]
[BlackTeam "Guyana"]
[WhiteTeamCountry "FIJ"]
[BlackTeamCountry "GUY"]
[TimeControl "40/5400+30:1800+30"]

1. e4 {(00:00)} c6 {(00:00)} 2. d4 {(00:00)} d5 {(
00:00)} 3. Nc3 {(00:00)} dxe4 {(00:00)} 4. Nxe4 {(00:00)}
Nd7 {(00:00)} 5. Nf3 {(00:00)} Ngf6 {(00:07)} 6. Nxf6+ {
(00:19)} Nxf6 {(00:10)} 7. Ne5 {(00:02)} e6 {(00:
09)} 8. c3 {(07:28)} Bd6 {(00:16)} 9. Bg5 {(11:40)} h6 {
(00:36)} 10. Bh4 {(00:36)} O-O {(03:31)} 11. Bd3 {(
02:11)} c5 {(01:21)} 12. O-O {(01:01)} cxd4 13. cxd4 {(00:
01)} Be7 {(01:14)} 14. Rc1 {(04:41)} Re8 {(00:15)} 15. Bb1
{(02:14)} Qb6 {(05:06)} 16. Qd3 {(04:20)} Rd8 {(01:
06)} 17. Rfd1 {(17:59)} Qxb2 {(02:48)} 18. Rc7 Qa3 {(05:
43)} 19. Rxe7 {(11:11)} Qxe7 {(00:34)} 20. Ng4 {(01:21)}
Kf8 {(07:05)} 21. Nxf6 {(02:55)} gxf6 {(00:22)} 22. Qh7 {
(00:22)} Ke8 {(00:52)} 23. Qxh6 {(04:47)} Rd5 {(09:
51)} 24. Bxf6 {(02:57)} Qf8 {(05:53)} 25. Qh7 {(07:38)} a5
{(08:59)} 26. Be4 {(01:29)} Rb5 {(01:31)} 27. d5 {(
02:50)} exd5 {(07:05)} 28. Bxd5 {(00:59)} Be6 {(06:31)}
29. Bxe6 {(01:45)} fxe6 30. Qd7# 1-0

[Event "42nd Olympiad Baku 2016 Open"]
[Site "Baku"]
[Date "2016.09.04"]
[Round "3.17"]
[White "Song, Raymond"]
[Black "Farazi, Khaiber"]
[Result "1-0"]
[ECO "B90"]
[WhiteElo "2170"]
[BlackElo "2097"]
[Annotator ""]
[PlyCount "69"]
[EventDate "2016.??.??"]
[EventCountry "AZE"]
[SourceTitle "playchess.com"]
[Source "ChessBase"]
[WhiteTeam "Taiwan"]
[BlackTeam "Afghanistan"]
[WhiteTeamCountry "TPE"]
[BlackTeamCountry "AFG"]
[TimeControl "40/5400+30:1800+30"]

1. e4 {(00:00)} c5 {(00:00)} 2. Nf3 {(00:00)} d6 {(
00:00)} 3. d4 {(00:00)} cxd4 {(00:00)} 4. Nxd4 {(00:00)}
Nf6 {(00:22)} 5. Nc3 {(00:00)} a6 {(00:12)} 6. f3 {
(00:00)} e5 {(02:04)} 7. Nb3 {(00:00)} Be6 {(01:05]
} 8. Be3 {(00:06)} Be7 {(08:13)} 9. Qd2 {(00:06)} b5 {
(03:26)} 10. O-O-O {(00:06)} Nbd7 {(06:20)} 11. g4 {
(00:08)} Nb6 {(01:28)} 12. g5 {(16:40)} Nh5 {(06:
22)} 13. Nd5 {(00:10)} Nxd5 {(03:33)} 14. exd5 {(00:04)}
Bd7 {(07:15)} 15. Na5 {(01:53)} Rc8 {(10:01)} 16. Kb1 {
(00:14)} Qc7 {(04:09)} 17. Bd3 {(01:03)} O-O {(04:
05)} 18. Rhg1 {(00:30)} Rfe8 {(04:55)} 19. Be4 {(10:49)}
Bf8 {(01:59)} 20. h4 {(04:06)} g6 {(04:31)} 21. Rc1 {
(01:41)} Rb8 {(13:26)} 22. c4 {(01:19)} b4 {(01:33]
} 23. Nc6 {(00:02)} Bxc6 {(03:16)} 24. dxc6 {(00:03)} a5 {
(05:14)} 25. Bd5 {(01:11)} a4 {(00:38)} 26. f4 {(
00:23)} a3 {(02:17)} 27. b3 {(00:09)} Bg7 {(00:49)} 28.
Rcf1 {(00:22)} exf4 {(01:48)} 29. Bxf4 {(00:02)} Nxf4 {
(01:27)} 30. Rxf4 {(00:03)} Re7 {(00:53)} 31. Rgf1 {
(00:05)} Bc3 {(00:37)} 32. Qf2 {(00:11)} Rf8 {(00:
31)} 33. Rxf7 {(00:08)} Rfxf7 {(00:46)} 34. Qxf7+ {(00:06]
} Rxf7 {(02:32)} 35. Rxf7 {(00:04)} 1-0

[Event "42nd Olympiad Baku 2016 Open"]
[Site "Baku"]
[Date "2016.09.04"]
[Round "3.28"]
[White "Su, Haifeng"]
[Black "Adricula, Noel A"]
[Result "1-0"]
[ECO "B72"]
[WhiteElo "1800"]
[BlackElo "1656"]
[Annotator ""]
[PlyCount "105"]
[EventDate "2016.??.??"]
[EventCountry "AZE"]
[SourceTitle "playchess.com"]
[Source "ChessBase"]
[WhiteTeam "Guyana"]
[BlackTeam "Fiji"]
[WhiteTeamCountry "GUY"]
[BlackTeamCountry "FIJ"]
[TimeControl "40/5400+30:1800+30"]

1. e4 {(00:00)} c5 {(00:00)} 2. Nf3 {(00:00)} d6 {(
00:00)} 3. d4 {(00:00)} cxd4 {(00:44)} 4. Nxd4 {(00:00)}
Nf6 {(00:56)} 5. Nc3 {(00:34)} g6 {(01:32)} 6. Be3 {
(01:35)} Bg7 {(00:17)} 7. Be2 {(00:32)} O-O {(00:
20)} 8. Qd2 {(00:03)} Nc6 {(01:57)} 9. Nxc6 {(02:39)} bxc6
{(00:36)} 10. O-O {(05:25)} a5 {(04:47)} 11. f4 {(
04:09)} Qc7 {(06:30)} 12. Kh1 {(04:59)} Bb7 {(20:09)} 13.
Bf3 {(19:55)} Rab8 {(02:04)} 14. e5 {(16:06)} dxe5 {
(03:24)} 15. fxe5 {(00:17)} Nd7 {(00:42)} 16. e6 {(
03:38)} fxe6 {(00:37)} 17. Bg4 {(00:32)} Rxf1+ {(02:48)}
18. Rxf1 {(00:08)} Nf8 {(00:36)} 19. Qf2 {(02:40)} Ba6 {
(00:57)} 20. Qf7+ {(10:52)} Kh8 {(00:14)} 21. Rd1 {
(05:29)} Bc4 {(34:29)} 22. Ne4 {(05:34)} Bd5 {(03:
23)} 23. Ng5 {(14:00)} h6 {(06:36)} 24. Bxe6 {(02:01)}
Bxe6 {(00:25)} 25. Nxe6 {(00:08)} Nxe6 {(00:42)} 26. Qxe6
{(00:17)} Qe5 {(00:48)} 27. Qh3 {(00:59)} Qh5 {(01:
24)} 28. Qxh5 {(00:36)} gxh5 {(00:06)} 29. b3 {(00:02)}
Kh7 {(00:35)} 30. Rd7 {(00:20)} Bf6 {(02:03)} 31. Bc5 {
(00:24)} Re8 {(01:17)} 32. Kg1 {(00:57)} Kg6 {(00:
07)} 33. Kf2 {(00:34)} Kf5 {(00:25)} 34. Ra7 {(00:50)} h4
{(00:30)} 35. Rxa5 {(00:21)} Ke6 {(01:19)} 36. c4 {
(00:27)} Rd8 {(00:35)} 37. Ke2 {(00:23)} Rg8 {(00:
21)} 38. Kf3 {(00:20)} Rg5 {(00:44)} 39. Bb4 {(00:30)} Be5
{(01:30)} 40. Ra7 {(00:00)} Rf5+ {(00:00)} 41. Ke4 {
(02:09)} Rf4+ {(01:34)} 42. Ke3 {(00:08)} Bd4+ {(
01:45)} 43. Kxf4 {(00:20)} Bxa7 {(00:12)} 44. h3 {(00:23)}
c5 {(00:11)} 45. Be1 {(01:05)} Bb8+ {(01:10)} 46. Ke4 {
(01:55)} Bd6 {(02:51)} 47. Bxh4 {(00:09)} Bc7 {(01:
20)} 48. Bf2 {(00:14)} Bd6 {(01:49)} 49. g4 {(00:09)} Kf6
{(03:56)} 50. Be3 {(00:16)} Kg6 {(00:06)} 51. Kd5 {
(00:16)} h5 {(00:14)} 52. gxh5+ {(00:20)} Kxh5 {(
00:25)} 53. Bxc5 {(00:02)} 1-0

[Event "42nd Olympiad Baku 2016 Open"]
[Site "Baku"]
[Date "2016.09.04"]
[Round "3.21"]
[White "Tajedine, Sidi Mohamed"]
[Black "Kirby, Peter J"]
[Result "0-1"]
[ECO "A15"]
[WhiteElo "1796"]
[BlackElo "2014"]
[Annotator ""]
[PlyCount "126"]
[EventDate "2016.??.??"]
[EventCountry "AZE"]
[SourceTitle "playchess.com"]
[Source "ChessBase"]
[WhiteTeam "MTN"]
[BlackTeam "Channel Islands"]
[BlackTeamCountry "GCI"]
[TimeControl "40/5400+30:1800+30"]

1. c4 {(00:00)} Nf6 {(00:00)} 2. g3 {(00:00)} g6 {(
00:00)} 3. Bg2 {(00:02)} Bg7 {(00:18)} 4. Nc3 {(00:23)}
O-O {(00:19)} 5. e4 {(00:29)} d6 {(00:35)} 6. Nge2 {
(00:21)} c5 {(02:49)} 7. O-O {(01:03)} Nc6 {(00:33]
} 8. h3 {(01:17)} Rb8 {(02:35)} 9. d3 {(05:25)} a6 {
(02:39)} 10. a4 {(01:23)} Bd7 {(02:13)} 11. Be3 {(
01:43)} Ne8 {(07:12)} 12. d4 {(04:08)} cxd4 {(00:29)} 13.
Nxd4 {(00:12)} Nc7 {(04:56)} 14. Qd2 {(14:10)} Ne6 {
(06:00)} 15. Nb3 {(06:48)} Ne5 {(06:47)} 16. Qe2 {(
00:57)} Rc8 {(02:28)} 17. Nd2 {(00:47)} Nc6 {(04:21)} 18.
Nd5 {(05:05)} Ncd4 {(05:22)} 19. Qd1 {(02:35)} a5 {
(08:22)} 20. Rb1 {(02:24)} Nc5 {(03:31)} 21. b3 {(
07:03)} e6 {(04:38)} 22. Nf4 {(00:31)} Bc6 {(01:27)} 23.
Ne2 {(02:14)} Nxe2+ {(02:08)} 24. Qxe2 {(00:09)} Qe7 {
(02:25)} 25. f4 Rfd8 {(02:58)} 26. Bf2 {(12:16)} b6 {
(02:46)} 27. Kh2 {(03:04)} Qb7 {(01:05)} 28. Bg1 {(
00:25)} Qa8 {(02:53)} 29. h4 {(00:26)} h5 {(00:57)} 30. g4
{(06:36)} hxg4 {(00:50)} 31. Qxg4 {(00:10)} Nxe4 {(
01:23)} 32. Nxe4 {(01:08)} Bxe4 {(00:02)} 33. Bxe4 {(00:
11)} Qxe4 {(00:02)} 34. Bxb6 {(00:18)} Rd7 {(03:34)} 35.
Bxa5 {(00:09)} Rb7 {(02:48)} 36. Qg2 {(00:59)} Qxg2+ {
(01:49)} 37. Kxg2 {(00:04)} d5 {(00:03)} 38. cxd5 {
(01:22)} Rc5 {(01:15)} 39. Be1 {(02:54)} Rxd5 {(00:
12)} 40. b4 {(00:00)} Ra5 {(00:00)} 41. bxa5 {(03:35)}
Rxb1 {(06:14)} 42. a6 {(00:14)} Rb2+ {(06:28)} 43. Kg3 {
(15:17)} Bd4 {(01:49)} 44. a5 {(00:47)} Rb8 {(03:
34)} 45. Bf2 {(03:36)} Rb3+ {(03:25)} 46. Kg2 {(01:34)}
Bxf2 {(05:44)} 47. Kxf2 {(00:23)} Ra3 {(00:09)} 48. Rb1 {
(00:14)} Rxa5 {(00:12)} 49. Rb8+ {(00:10)} Kg7 {(
00:08)} 50. Ra8 {(00:04)} Ra3 {(01:00)} 51. a7 {(00:13)}
Kf6 {(01:02)} 52. h5 {(08:03)} gxh5 {(01:14)} 53. Rh8 {
(03:35)} Rxa7 {(00:03)} 54. Rxh5 {(00:02)} Ra3 {(
00:33)} 55. Re5 {(01:39)} Rd3 {(01:05)} 56. Rb5 {(02:34)}
Rd5 {(00:14)} 57. Rb4 {(00:11)} Kf5 {(01:45)} 58. Ke3 {
(02:46)} Ra5 {(00:22)} 59. Kf3 {(01:03)} Ra3+ {(00:
03)} 60. Kg2 {(01:35)} Re3 {(03:27)} 61. Kf2 {(00:29)} Re4
{(00:38)} 62. Rb7 {(03:14)} Rxf4+ {(00:20)} 63. Ke3 {
(00:17)} f6 {(02:14] Kd4 Ke5+} 0-1

[Event "42nd Olympiad Baku 2016 Open"]
[Site "Baku"]
[Date "2016.09.04"]
[Round "3.29"]
[White "Tamra, Attallah"]
[Black "Mwanyika, Geoffrey"]
[Result "1/2-1/2"]
[ECO "A95"]
[WhiteElo "2087"]
[BlackElo "1850"]
[Annotator ""]
[PlyCount "116"]
[EventDate "2016.??.??"]
[EventCountry "AZE"]
[SourceTitle "playchess.com"]
[Source "ChessBase"]
[WhiteTeam "Palestine"]
[BlackTeam "Tanzania"]
[WhiteTeamCountry "PLE"]
[BlackTeamCountry "TAN"]
[TimeControl "40/5400+30:1800+30"]

1. Nf3 {(00:00)} f5 {(00:00)} 2. g3 {(00:00)} Nf6 {
(00:00)} 3. Bg2 {(00:00)} e6 {(00:13)} 4. O-O {(00:
41)} Be7 {(00:58)} 5. d4 {(00:32)} d5 {(00:37)} 6. c4 {
(00:11)} O-O {(00:31)} 7. Nc3 {(00:09)} c6 {(00:48]
} 8. Bf4 {(00:52)} h6 {(03:50)} 9. Rc1 {(02:57)} Bd6 {
(01:48)} 10. Ne5 {(04:17)} g5 {(03:56)} 11. Bd2 {(
00:11)} Qe8 {(05:13)} 12. cxd5 {(07:20)} exd5 {(01:28)}
13. f4 {(01:02)} g4 {(00:42)} 14. Qb3 {(01:35)} Kg7 {
(05:44)} 15. Rfd1 {(03:36)} Qe7 {(03:54)} 16. Qa4 {
(13:23)} Nbd7 {(02:01)} 17. b4 {(02:38)} Nb6 {(08:
18)} 18. Qb3 {(00:51)} Bxb4 {(05:22)} 19. Na4 {(07:59)}
Bxd2 {(00:36)} 20. Rxd2 {(00:19)} Nxa4 {(00:50)} 21. Qxa4
{(00:05)} Bd7 {(11:21)} 22. Rb2 {(02:46)} Rfb8 {(
00:58)} 23. Rcb1 {(01:16)} b5 {(03:07)} 24. Qa5 {(01:09)}
Qd6 {(04:59)} 25. Rc2 {(05:40)} Rb6 {(00:43)} 26. a4 {
(03:07)} Qa3 {(13:58)} 27. Rb4 {(08:05)} Ra6 {(07:
30)} 28. Qxa6 {(01:22)} Qxb4 {(00:06)} 29. Qb7 {(10:55)}
Qxd4+ {(04:16)} 30. Kf1 {(00:20)} Qd1+ {(00:28)} 31. Kf2 {
(00:02)} Qxc2 {(00:37)} 32. Nxd7 {(06:15)} Nxd7 {(
01:03)} 33. Qxd7+ {(00:35)} Kh8 {(00:39)} 34. Qd6 {(00:34]
} Kg7 {(02:30)} 35. Qe5+ {(01:02)} Kg6 {(00:29)} 36. Qe6+
{(00:23)} Kg7 {(00:52)} 37. Qe5+ {(03:10)} Kf7 {(
00:54)} 38. Bxd5+ {(01:18)} cxd5 {(00:34)} 39. Qxd5+ {(00:
09)} Ke7 {(00:40)} 40. Qxa8 {(00:00)} Qc5+ {(00:00)} 41.
Kf1 {(01:42)} bxa4 {(01:00)} 42. Qb7+ {(00:18)} Kd8 {
(02:52)} 43. Qb8+ {(00:24)} Kd7 {(00:46)} 44. Qb7+ {
(00:14)} Kd6 {(02:11)} 45. Qa6+ {(02:01)} Qc6 {(02:
13)} 46. Qxa7 {(00:34)} Qh1+ {(00:28)} 47. Kf2 {(00:01)}
Qxh2+ {(00:24)} 48. Kf1 {(00:12)} Qh1+ {(04:39)} 49. Kf2 {
(00:02)} Qc6 {(01:43)} 50. Qd4+ {(00:28)} Kc7 {(02:
04)} 51. Qa7+ {(04:50)} Kc8 {(01:15)} 52. Qa5 {(00:22)}
Kb7 {(01:09)} 53. Qxf5 {(00:34)} Qb6+ {(01:02)} 54. Kf1 {
(00:10)} Qa6 {(02:46)} 55. Qd7+ {(00:53)} Kb8 {(00:
39)} 56. Qd8+ {(01:14)} Kb7 {(00:12)} 57. Qd7+ {(03:56)}
Kb8 {(02:05)} 58. Qd8+ {(00:31)} Kb7 {(00:11)} 1/2-1/2

[Event "42nd Olympiad Baku 2016 Open"]
[Site "Baku"]
[Date "2016.09.04"]
[Round "3.36"]
[White "Tang, Tang"]
[Black "Odeev, Handszar"]
[Result "0-1"]
[ECO "A56"]
[WhiteElo "2465"]
[BlackElo "2401"]
[Annotator ""]
[PlyCount "81"]
[EventDate "2016.??.??"]
[EventCountry "AZE"]
[SourceTitle "playchess.com"]
[Source "ChessBase"]
[WhiteTeam "JPN"]
[BlackTeam "TKM"]
[WhiteTeamCountry "USA"]
[BlackTeamCountry "TKM"]
[TimeControl "40/5400+30:1800+30"]

1. d4 {(00:00)} Nf6 {(00:00)} 2. c4 {(00:00)} c5 {(
01:44)} 3. Nf3 {(00:00)} cxd4 {(02:59)} 4. Nxd4 {(00:00)}
e5 {(00:24)} 5. Nb5 {(00:27)} d5 {(00:13)} 6. cxd5 {
(01:10)} Bc5 {(00:10)} 7. N5c3 {(02:08)} O-O {(00:
32)} 8. g3 {(02:07)} Ng4 {(13:21)} 9. Ne4 {(05:05)} Bb6 {
(06:01)} 10. h3 {(00:44)} f5 {(05:39)} 11. hxg4 {(
00:16)} fxe4 {(00:04)} 12. e3 {(00:18)} Qf6 {(01:21)} 13.
Rh2 {(01:42)} Qg6 {(00:44)} 14. Be2 {(05:15)} Na6 {
(14:22)} 15. Bd2 {(18:11)} Bd7 {(01:45)} 16. Na3 {(
02:44)} Rae8 {(15:57)} 17. Rc1 {(01:46)} Nc5 {(12:58)} 18.
Bb4 {(01:01)} Rc8 {(06:58)} 19. Nc4 {(01:25)} Rfe8 {
(00:02)} 20. Nxb6 {(11:35)} Qxb6 {(00:19)} 21. Bxc5 {
(05:06)} Rxc5 {(00:03)} 22. Rxc5 {(00:39)} Qxc5 {(
00:03)} 23. Qd2 {(00:24)} Bb5 {(13:32)} 24. Bxb5 {(10:06)}
Qxb5 {(00:02)} 25. d6 {(00:07)} Rd8 {(00:33)} 26. Qc3 {
(19:00)} Qd5 {(00:42)} 27. f4 {(03:30)} exf3 {(01:
17)} 28. Rd2 {(00:05)} f2+ {(00:24)} 29. Kxf2 {(02:38)}
Rf8+ {(00:17)} 30. Kg1 {(00:05)} Qf3 {(01:57)} 31. Kh2 {
(00:21)} h5 {(00:31)} 32. d7 {(01:09)} h4 {(00:22)}
33. Qxe5 {(00:53)} hxg3+ {(00:39)} 34. Qxg3 {(00:10)} Qf6
{(00:12)} 35. g5 {(03:32)} Qe7 {(00:19)} 36. Qd6 {(
03:34)} Qd8 {(00:40)} 37. Qd5+ {(00:16)} Kh7 {(00:09)} 38.
Kg1 {(00:25)} Kg6 {(01:01)} 39. Qe6+ {(00:17)} Kxg5 {
(00:37)} 40. Rg2+ {(00:00)} Kh5 {(00:00)} 41. Qg6+ {
(00:20)} 0-1

[Event "42nd Olympiad Baku 2016 Open"]
[Site "Baku"]
[Date "2016.09.04"]
[Round "3.9"]
[White "Ulloa, Ruben Guillermo"]
[Black "Amin, Bassem"]
[Result "0-1"]
[ECO "A40"]
[WhiteElo "2128"]
[BlackElo "2661"]
[Annotator ""]
[PlyCount "116"]
[EventDate "2016.??.??"]
[EventCountry "AZE"]
[SourceTitle "playchess.com"]
[Source "ChessBase"]
[WhiteTeam "Panama"]
[BlackTeam "Egypt"]
[WhiteTeamCountry "PAN"]
[BlackTeamCountry "EGY"]
[TimeControl "40/5400+30:1800+30"]

1. d4 {(00:00)} Nf6 {(01:07)} 2. c4 {(00:00)} e6 {(
00:15)} 3. g3 {(00:00)} Bb4+ {(01:12)} 4. Bd2 {(00:04)}
Qe7 {(00:37)} 5. Nc3 {(01:07)} O-O {(00:22)} 6. Nf3 {
(01:14)} d6 {(00:22)} 7. a3 {(04:23)} Bxc3 {(00:08]
} 8. Bxc3 {(00:03)} Ne4 {(00:17)} 9. Qc2 {(00:12)} Nxc3 {
(01:05)} 10. Qxc3 {(00:08)} a5 {(02:30)} 11. Bg2 {(
00:41)} a4 {(00:14)} 12. O-O {(00:09)} Nc6 {(01:15)} 13.
e4 {(01:06)} e5 {(00:45)} 14. h3 {(02:47)} b6 {(04:
37)} 15. Rad1 {(02:35)} Re8 {(01:18)} 16. d5 {(03:09)} Na5
{(00:28)} 17. Nd2 {(01:11)} Nb7 {(25:51)} 18. Rde1 {
(01:31)} Nc5 {(01:04)} 19. f4 {(00:52)} Bd7 {(01:
03)} 20. Qf3 {(00:40)} f6 {(03:06)} 21. Rf2 {(08:04)} b5 {
(00:49)} 22. f5 {(05:02)} Reb8 {(01:57)} 23. Re3 {(
02:17)} Rb6 {(07:26)} 24. Bf1 {(03:42)} b4 {(00:17)} 25.
Nb1 {(00:16)} Rab8 {(00:31)} 26. Qg2 {(00:17)} Qd8 {
(07:57)} 27. g4 {(07:10)} bxa3 {(03:38)} 28. Nxa3 {
(03:15)} Rb3 {(01:48)} 29. Rxb3 {(01:15)} Rxb3 {(
00:17)} 30. Rf3 {(02:36)} Qb8 {(00:50)} 31. Nb5 {(00:13)}
Bxb5 {(01:26)} 32. cxb5 {(03:34)} Qa7 {(00:39)} 33. Kh2 {
(00:53)} Kf8 {(09:19)} 34. Bc4 {(14:11)} Rxf3 {(03:
34)} 35. Qxf3 {(00:20)} Nd7 {(00:14)} 36. Qe2 {(00:47)}
Qd4 {(00:11)} 37. Ba2 {(02:46)} Nc5 {(00:26)} 38. Bb1 {
(00:15)} Qb4 {(00:22)} 39. Qc2 {(03:07)} Qxb5 {(01:
06)} 40. Kg2 {(00:00)} Qb4 {(00:00)} 41. Kf2 {(02:50)} Ke7
{(00:52)} 42. h4 {(03:34)} Qd4+ {(00:11)} 43. Kg2 {
(00:20)} Qe3 {(00:12)} 44. h5 {(02:22)} h6 {(01:07]
} 45. Kh2 {(00:28)} Kd8 {(00:15)} 46. Kg2 {(00:33)} Kc8 {
(00:33)} 47. Kh2 {(00:22)} Qf3 {(00:21)} 48. Qg2 {(
00:32)} Qb3 {(01:05)} 49. Qc2 {(00:11)} Kb7 {(00:56)} 50.
Kg2 {(00:11)} Kb6 {(01:23)} 51. Qc1 {(02:02)} Qb4 {
(00:37)} 52. Kf3 {(01:01)} Qd4 {(00:14)} 53. Kg2 {(
01:00)} Kb5 {(02:14)} 54. Qc2 {(00:59)} Qe3 {(01:33)} 55.
Kh2 {(00:36)} Kb4 {(00:58)} 56. Kg2 {(00:17)} Qxe4+ {
(00:36)} 57. Qxe4+ {(01:30)} Nxe4 {(00:05)} 58. Bxe4 {
(01:54)} Kb3 {(00:06)} 0-1

[Event "42nd Olympiad Baku 2016 Open"]
[Site "Baku"]
[Date "2016.09.04"]
[Round "3.7"]
[White "Valdes Romero, Leonardo"]
[Black "Chon, Yongjoon"]
[Result "1-0"]
[ECO "E62"]
[WhiteElo "2387"]
[BlackElo "2025"]
[Annotator ""]
[PlyCount "109"]
[EventDate "2016.??.??"]
[EventCountry "AZE"]
[SourceTitle "playchess.com"]
[Source "ChessBase"]
[WhiteTeam "Costa Rica"]
[BlackTeam "Korea"]
[WhiteTeamCountry "CRI"]
[BlackTeamCountry "KOR"]
[TimeControl "40/5400+30:1800+30"]

1. Nf3 {(00:00)} Nf6 {(00:00)} 2. g3 {(00:16)} g6 {
(00:19)} 3. Bg2 {(00:04)} Bg7 {(00:05)} 4. c4 {(00:
44)} O-O {(00:16)} 5. O-O {(00:09)} d6 {(00:07)} 6. d4 {
(00:10)} c6 {(00:20)} 7. Nc3 {(00:09)} Bf5 {(00:12]
} 8. b3 {(00:21)} Ne4 {(00:03)} 9. Bb2 {(00:09)} Nxc3 {
(00:23)} 10. Bxc3 {(00:04)} Be4 {(00:03)} 11. e3 {(
00:08)} Nd7 {(02:59)} 12. Qe2 {(02:10)} c5 {(10:56)} 13.
Rac1 {(05:47)} Rc8 {(04:21)} 14. Rfd1 {(03:59)} a6 {
(08:57)} 15. Bh3 {(04:19)} Bxf3 {(10:51)} 16. Qxf3 {
(03:14)} cxd4 {(02:04)} 17. exd4 {(01:06)} Rb8 {(
03:02)} 18. Qe2 {(02:21)} Re8 {(09:55)} 19. Rc2 {(06:43)}
d5 {(13:01)} 20. Qe1 {(03:48)} e6 {(04:24)} 21. c5 {
(06:04)} Rc8 {(05:00)} 22. b4 {(04:54)} f5 {(08:23]
} 23. Bg2 {(06:02)} g5 {(00:55)} 24. Re2 {(01:08)} Nf8 {
(00:29)} 25. Qd2 {(09:28)} Qf6 {(04:01)} 26. Rde1 {
(02:45)} Rcd8 {(00:01)} 27. Qd3 {(01:03)} Ng6 {(00:
43)} 28. b5 {(02:30)} axb5 {(00:45)} 29. Qxb5 {(00:07)}
Qf7 {(00:56)} 30. Qb6 {(01:52)} Nf8 {(01:13)} 31. Qb3 {
(02:53)} Rd7 {(01:36)} 32. Rb2 {(02:59)} Ng6 {(02:
42)} 33. Rbe2 {(02:52)} h5 {(01:04)} 34. Qd1 {(05:12)} f4
{(01:30)} 35. Rb2 {(00:46)} g4 {(00:19)} 36. Bf1 {(
01:23)} Rde7 {(01:20)} 37. Bd3 {(01:08)} f3 {(00:33)} 38.
Qb1 {(10:20)} Nf8 {(00:55)} 39. Bb5 {(04:10)} Rd8 {
(01:10)} 40. Qc1 {(00:00)} Qf6 {(00:00)} 41. Re5 {(
02:48)} Qf7 {(04:11)} 42. Re1 {(04:01)} Nh7 {(05:58)} 43.
Bd3 {(01:13)} Ra8 {(05:19)} 44. Rb6 {(02:14)} Nf8 {
(08:28)} 45. Bb1 {(07:43)} Ra4 {(07:15)} 46. Qd2 {(
02:45)} Bf6 {(00:22)} 47. Rb4 {(00:53)} Rxb4 {(01:03)} 48.
Bxb4 {(00:06)} Rc7 {(00:13)} 49. Ba5 {(03:10)} Re7 {
(00:28)} 50. Bd8 {(00:31)} Rd7 {(00:24)} 51. Bxf6 {
(00:16)} Qxf6 {(00:01)} 52. Re5 {(00:19)} Nh7 {(02:
05)} 53. Rxh5 {(00:48)} Rg7 {(00:03)} 54. Rh6 {(03:25)}
Qg5 {(03:15)} 55. Bxh7+ {(00:33)} 1-0

[Event "42nd Olympiad Baku 2016 Open"]
[Site "Baku"]
[Date "2016.09.04"]
[Round "3.16"]
[White "Vella, Duncan"]
[Black "Valderrama Quiceno, Esteban Alb"]
[Result "0-1"]
[ECO "B31"]
[WhiteElo "2017"]
[BlackElo "2427"]
[Annotator ""]
[PlyCount "88"]
[EventDate "2016.??.??"]
[EventCountry "AZE"]
[SourceTitle "playchess.com"]
[Source "ChessBase"]
[WhiteTeam "Malta"]
[BlackTeam "Colombia"]
[WhiteTeamCountry "MLT"]
[BlackTeamCountry "COL"]
[TimeControl "40/5400+30:1800+30"]

1. e4 {(00:00)} c5 {(00:00)} 2. Nf3 {(00:00)} Nc6 {
(00:24)} 3. Bb5 {(00:10)} g6 {(01:41)} 4. Bxc6 {(
00:20)} dxc6 {(00:05)} 5. d3 {(00:36)} Bg7 {(00:08)} 6. h3
{(00:23)} e5 {(02:32)} 7. Nc3 {(02:44)} Qe7 {(01:
08)} 8. Be3 {(02:27)} Nf6 {(00:36)} 9. Qd2 {(01:32)} h6 {
(00:27)} 10. O-O {(04:11)} Nd7 {(00:39)} 11. a3 {(
04:15)} a5 {(05:13)} 12. Rae1 {(05:51)} a4 {(09:25)} 13.
Nh2 {(05:56)} Nf8 {(04:09)} 14. f4 {(02:51)} exf4 {
(00:46)} 15. Bxf4 {(00:59)} Ne6 {(00:08)} 16. Be3 {
(02:56)} Nd4 {(18:04)} 17. Rf2 {(18:15)} g5 {(20:
05)} 18. Ref1 {(11:35)} Be6 {(06:27)} 19. Ng4 {(07:43)}
Bxg4 {(15:01)} 20. Rxf7 {(01:39)} Qxf7 {(00:06)} 21. Rxf7
{(00:12)} Kxf7 {(00:02)} 22. hxg4 {(00:37)} Rhf8 {(
04:53)} 23. Nd1 {(07:35)} Kg6 {(03:07)} 24. Bf2 {(06:51)}
Be5 {(01:41)} 25. c3 {(02:43)} Bf4 {(01:48)} 26. Be3 {
(00:23)} Nb3 {(00:45)} 27. Qe2 {(01:19)} Rad8 {(00:
53)} 28. Nf2 {(01:29)} Bg3 {(01:08)} 29. Nh3 {(01:26)} Rf7
{(01:20)} 30. Bf2 {(01:01)} Be5 {(00:42)} 31. Qc2 {
(03:46)} Kg7 {(00:52)} 32. g3 {(00:26)} Rf3 {(00:
15)} 33. d4 {(01:21)} cxd4 {(00:12)} 34. cxd4 {(00:17)}
Bxd4 {(00:43)} 35. Bxd4+ {(00:19)} Rxd4 {(00:49)} 36. Kh1
{(02:24)} Rf1+ {(00:53)} 37. Ng1 {(00:09)} Rdd1 {(
00:11)} 38. Qc3+ {(00:10)} Kg6 {(00:32)} 39. Qe5 {(00:31)}
Rxg1+ {(00:05)} 40. Kh2 {(00:00)} Rgf1 {(00:00)} 41. Qe6+
{(03:17)} Kg7 {(01:48)} 42. Qe7+ {(00:28)} Rf7 {(
00:14)} 43. Qe5+ {(00:39)} Kh7 {(00:09)} 44. Kg2 {(00:21)}
Rdf1 0-1